 Dungeon Crawl Stone Soup version 0.29.1-2-gbd0b4ee654 (webtiles) character file.

Game seed: 18140077106414644225

75 safid the Shooter (level 4, 0/40 HPs)
             Began as a Minotaur Hunter on Oct 26, 2022.
             Slain by a gnoll
             ... wielding a +0 whip
              (3 damage)
             ... on level 2 of the Dungeon.
             The game lasted 00:01:40 (1777 turns).

safid the Shooter (Minotaur Hunter)                 Turns: 1777, Time: 00:01:41

Health: 0/40       AC:  3    Str: 15    XL:     4   Next: 11%
Magic:  3/3        EV: 12    Int:  6    God:
Gold:   58         SH:  0    Dex: 16    Spells: 3/3 levels left

rFire   . . .      SeeInvis +   a - +0 shortbow
rCold   . . .      Faith    .   (shield currently unavailable)
rNeg    . . .      Spirit   .   c - +0 leather armour
rPois   .          Reflect  .   (helmet restricted)
rElec   .          Harm     .   (no cloak)
rCorr   .          Rampage  .   (no gloves)
Will    .....                   (no boots)
Stlth   +.........              (no amulet)
HPRegen 0.13/turn               m - ring of see invisible
MPRegen 0.08/turn               (no ring)

@: no status effects
A: horns 2, retaliatory headbutt
a: no special abilities


You were on level 2 of the Dungeon.
You visited 1 branch of the dungeon, and saw 2 of its levels.

You collected 58 gold pieces.

Inventory:

Hand Weapons
 a - a +0 shortbow (weapon)
Missiles
 j - 5 javelins
 k - 6 silver javelins
Armour
 c - a +0 leather armour (worn)
Jewellery
 m - a ring of see invisible (left hand)
Scrolls
 b - 2 scrolls of immolation
 e - a scroll of identify {unknown}
 f - a scroll of amnesia {unknown}
 g - 2 scrolls of poison {unknown}
 h - 2 scrolls of enchant armour {unknown}
 l - a scroll of summoning {unknown}
Potions
 d - a potion of invisibility {unknown}
 i - 2 potions of curing {unknown}
 n - a potion of flight {unknown}


   Skills:
 + Level 4.1 Fighting
 + Level 5.4 Ranged Weapons
 - Level 2.1 Dodging
 - Level 0.7 Stealth


You had 3 spell levels left.
You didn't know any spells.
Your spell library was empty.

Dungeon Overview and Level Annotations

Branches:
Dungeon (2/15)

Altars:


Innate Abilities, Weirdness & Mutations

You have a pair of horns on your head.
You reflexively headbutt those who attack you in melee.


Message History

The worm is almost dead.
The worm bites you but does no damage.
You shoot an arrow. The arrow hits the worm.
You kill the worm!
The gnoll throws a throwing net.
The throwing net hits you.
You become entangled in the net!
You are held in a net!
You are held in a net!
You are held in a net!
Unknown command.
You struggle against the net.
You tear a large gash into the net.
A gnoll comes into view. It is wielding a +0 flail.
You struggle against the net.
The gnoll shouts!
You hear an angry hiss.
A frilled lizard comes into view.
You rip the net and break free!
You shoot an arrow. The arrow hits the gnoll!
The gnoll is almost dead.
The gnoll closely misses you. You furiously retaliate!
You headbutt the gnoll, but do no damage.
You shoot an arrow. The arrow barely misses the gnoll.
The gnoll hits you with a +0 flail!
The gnoll throws a throwing net.
The throwing net hits you.
You become entangled in the net!
You are held in a net!
You are held in a net!
You are held in a net!
You are held in a net!
You tear a large gash into the net.
The gnoll hits you with a +0 flail.
You struggle against the net.
The gnoll hits you with a +0 flail. The gnoll hits you with a +0 whip.
* * * LOW HITPOINT WARNING * * *
You struggle against the net.
The gnoll hits you with a +0 whip!
* * * LOW HITPOINT WARNING * * *
The gnoll barely misses you. You furiously retaliate!
You headbutt the gnoll!
You kill the gnoll!
You have reached level 4!
You feel agile.
You rip the net and break free!
The gnoll hits you with a +0 whip.
You die...

.##........#
............ .# _..
.##......... .. ..
###......... .#.. #
#......... .#. #
#..####### .. ?
#..#### l# ...
#.....# ####g#.....
##.##.######..@)..#
#.##...[.......#<#
#.#########.####
#.# #.# #.# #.# #.#
#.# ... ... #.. ###


You could see a gnoll and a frilled lizard.

Vanquished Creatures
  2 gnolls (D:2)
  2 worms (D:2)
  3 dart slugs
  5 ball pythons
  A bat (D:1)
  5 endoplasms
  3 giant cockroaches
  2 goblins (D:2)
  4 hobgoblins
  4 jackals (D:1)
  2 kobolds
  A quokka (D:1)
  4 frilled lizards
  2 rats (D:1)
40 creatures vanquished.

Notes
Turn   | Place    | Note
-------+----------+-------------------------------------------
     0 | D:1      | safid the Minotaur Hunter began the quest for the Orb.
     0 | D:1      | Reached XP level 1. HP: 18/18 MP: 0/0
    97 | D:1      | Reached XP level 2. HP: 24/26 MP: 1/1
   939 | D:1      | Reached skill level 5 in Ranged Weapons
   939 | D:1      | Reached XP level 3. HP: 31/31 MP: 2/2
  1756 | D:2      | Found a faded altar of an unknown god.
  1777 | D:2      | Reached XP level 4. HP: 3/40 MP: 3/3
  1777 | D:2      | Slain by a gnoll

Illustrated notes

Levels and vault maps discovered:
D:1:      dpeg_arrival_houses_and_road, layout_basic
D:2:      layout_loops_ring, basic_ecumenical_altar, kennysheep_nondescript,
          solitary_fountain

Skill      XL: |  1  2  3 |
---------------+----------+-----
Fighting       | 3 4 |  4.1
Ranged Weapons | 5 |  5.4
Dodging        | |  2.1
Stealth        | |  0.7

Action                   |  1- 3 |  4- 6 || total
-------------------------+-------+-------++-------
 Fire: Shortbow          |   115 |       ||   115
Armor: Leather armour    |    15 |       ||    15
Dodge: Dodged            |    35 |       ||    35
